[ PARTIDA AOE2 · #473111278 ]
UnrankedFrancos vs Burgundians
Equipo del jugador · DERR
Equipo rival · VICT
[ ANÁLISIS DE REPETICIÓN · EXTRAÍDO DE LA PARTIDA GRABADA ]
Feudal
—
Castillos
9:50
Imperial
21:39
| APM promedio | 43.8 |
| APM pico | 80 |
| eAPM promedio | 24.1 |
| Aldeanos / militares | 38 / 41 |
Foco
⚔️ 17.1% · 🌾 82.9%
Spearman ×24 · Knight ×12 · Fishing Ship ×10 · Scout Cavalry ×5 · Unknown (2626) ×1
Feudal
—
Castillos
8:42
Imperial
21:48
| APM promedio | 38.0 |
| APM pico | 81 |
| eAPM promedio | 22.4 |
| Aldeanos / militares | 51 / 53 |
Foco
⚔️ 36.1% · 🌾 63.9%
Knight ×37 · Scout Cavalry ×6 · Archer ×5 · Spearman ×2 · Battering Ram ×2 · Trebuchet (Packed) ×1
Mapa de la partida
Recursos iniciales + cada clic de construcción. Líneas = muros · curvas = relieve. ◆ oro · ⬟ piedra · ● bayas · ✦ reliquia · ◌ hueco del cierre
Tu base· Abierta — hueco de 4t
Base de coxmaster· Abierta — flanco sin cerrar
Terreno inicial suavizado · ◌ = hueco del cierre detectado · pasá el cursor para detalles
Inputs por minuto
— KerMiTe La Grenouille - - coxmaster
Build order — KerMiTe La Grenouille
133 acciones detectadas en el replay
| 0:04 | Crear | Villager (Male) ×4 |
| 0:15 | Construir | Stable |
| 0:20 | Construir | House |
| 0:52 | Crear | Scout Cavalry |
| 1:08 | Construir | Palisade Wall |
| 1:17 | Crear | Villager (Male) |
| 1:19 | Crear | Scout Cavalry |
| 1:33 | Investigar | Forging |
| 1:48 | Construir | Dock |
| 1:57 | Crear | Scout Cavalry |
| 2:14 | Construir | House |
| 2:14 | Crear | Villager (Male) |
| 2:20 | Crear | Fishing Ship |
| 2:33 | Crear | Villager (Male) |
| 2:42 | Crear | Fishing Ship |
| 2:50 | Crear | Spearman |
| 2:51 | Crear | Spearman |
| 3:14 | Crear | Scout Cavalry |
| 3:28 | Crear | Fishing Ship |
| 3:30 | Crear | Villager (Male) |
| 3:38 | Construir | Farm |
| 3:50 | Crear | Villager (Male) |
| 4:07 | Construir | House |
| 4:13 | Investigar | Wheelbarrow |
| 4:31 | Crear | Spearman |
| 4:44 | Crear | Unit 2626 |
| 4:55 | Construir | Farm |
| 4:57 | Construir | Farm |
| 5:35 | Crear | Scout Cavalry |
| 5:42 | Construir | Farm |
| 5:44 | Construir | Farm |
| 5:45 | Construir | Farm |
| 5:47 | Construir | Farm |
| 5:47 | Construir | Farm |
| 6:06 | Crear | Fishing Ship |
| 6:20 | Construir | Market |
| 6:26 | Crear | Villager (Male) |
| 6:34 | Construir | House |
| 6:47 | Crear | Fishing Ship |
| 6:58 | Construir | Stable |
| 7:10 | Investigar | Castle Age |
| 7:21 | Construir | House |
| 7:32 | Investigar | Double-Bit Axe |
| 7:36 | Crear | Fishing Ship |
| 7:50 | Investigar | Gold Mining |
| 8:12 | Construir | Farm |
| 8:51 | Investigar | Scale Barding Armor |
| 9:02 | Crear | Fishing Ship |
| 9:24 | Crear | Villager (Male) |
| 9:28 | Construir | House |
| 9:50 | Edad | Edad de los Castillos |
| 9:55 | Construir | House |
| 9:56 | Crear | Knight |
| 9:57 | Crear | Knight |
| 10:10 | Construir | Town Center |
| 10:22 | Construir | Town Center |
| 10:32 | Crear | Spearman |
| 10:32 | Crear | Spearman |
| 10:32 | Crear | Spearman |
| 10:33 | Crear | Knight |
| 10:33 | Crear | Knight |
| 10:39 | Construir | House |
| 11:28 | Crear | Spearman |
| 11:28 | Crear | Spearman |
| 11:35 | Construir | Barracks |
| 11:39 | Crear | Villager (Male) |
| 11:47 | Crear | Fishing Ship |
| 11:51 | Crear | Villager (Male) |
| 11:52 | Crear | Villager (Male) |
| 11:52 | Crear | Villager (Male) |
| 11:53 | Crear | Villager (Male) |
| 12:21 | Construir | Farm |
| 12:32 | Crear | Spearman |
| 12:33 | Crear | Spearman |
| 12:51 | Investigar | Pikeman (upgrade) |
| 13:12 | Crear | Spearman |
| 13:12 | Crear | Spearman |
| 13:15 | Crear | Villager (Male) |
| 13:18 | Crear | Villager (Male) |
| 13:19 | Crear | Villager (Male) |
| 13:30 | Construir | House |
| 13:32 | Construir | House |
| 13:51 | Crear | Villager (Male) |
| 13:53 | Investigar | Iron Casting |
| 13:53 | Crear | Villager (Male) |
| 14:22 | Crear | Spearman |
| 14:24 | Crear | Spearman |
| 14:34 | Construir | Farm |
| 14:36 | Crear | Villager (Male) |
| 14:36 | Crear | Villager (Male) |
| 14:43 | Crear | Fishing Ship |
| 14:43 | Crear | Fishing Ship |
| 14:52 | Construir | House |
| 15:00 | Crear | Spearman |
| 15:02 | Crear | Spearman |
| 15:06 | Construir | Barracks |
| 15:29 | Construir | Farm |
| 15:32 | Construir | Farm |
| 15:33 | Construir | Farm |
| 15:35 | Construir | Farm |
| 15:47 | Crear | Villager (Male) ×5 |
| 15:48 | Crear | Villager (Male) ×5 |
| 15:57 | Construir | Castle |
| 16:06 | Crear | Spearman |
| 16:09 | Crear | Spearman |
| 16:51 | Construir | Farm |
| 17:03 | Crear | Villager (Male) |
| 17:03 | Crear | Villager (Male) |
| 17:05 | Crear | Villager (Male) |
| 17:05 | Crear | Villager (Male) |
| 17:32 | Investigar | Imperial Age |
| 17:44 | Construir | Farm |
| 17:45 | Construir | Farm |
| 17:54 | Crear | Spearman |
| 17:56 | Crear | Spearman |
| 18:46 | Construir | Farm |
| 18:50 | Construir | Farm |
| 18:54 | Construir | Farm |
| 19:05 | Crear | Spearman |
| 19:08 | Crear | Spearman |
| 19:21 | Crear | Knight |
| 19:21 | Crear | Knight |
| 19:23 | Crear | Knight |
| 19:23 | Crear | Knight |
| 19:48 | Crear | Spearman |
| 19:53 | Crear | Spearman |
| 20:20 | Construir | Farm |
| 20:27 | Crear | Villager (Male) |
| 21:06 | Crear | Knight |
| 21:07 | Crear | Knight |
| 21:07 | Crear | Knight |
| 21:07 | Crear | Knight |
| 21:39 | Edad | Edad Imperial |
Build order — coxmaster
Primeras 150 de 166 acciones detectadas
| 0:00 | Crear | Villager (Male) |
| 0:01 | Crear | Villager (Male) |
| 0:03 | Crear | Villager (Male) |
| 0:04 | Crear | Villager (Male) |
| 0:08 | Construir | Stable |
| 0:17 | Construir | House |
| 0:31 | Crear | Spearman |
| 0:33 | Crear | Villager (Male) |
| 0:45 | Crear | Villager (Male) |
| 1:04 | Crear | Scout Cavalry |
| 1:04 | Crear | Scout Cavalry |
| 1:12 | Construir | House |
| 1:16 | Crear | Villager (Male) |
| 1:18 | Construir | Farm |
| 1:26 | Investigar | Double-Bit Axe |
| 1:40 | Crear | Villager (Male) |
| 1:46 | Construir | House |
| 1:55 | Crear | Scout Cavalry |
| 1:57 | Crear | Villager (Male) |
| 2:05 | Crear | Villager (Male) |
| 2:10 | Construir | Farm |
| 2:25 | Crear | Scout Cavalry |
| 2:52 | Construir | Stable |
| 3:15 | Crear | Villager (Male) |
| 3:18 | Construir | Farm |
| 3:25 | Crear | Scout Cavalry |
| 3:26 | Crear | Scout Cavalry |
| 3:27 | Crear | Villager (Male) |
| 3:35 | Construir | Mill |
| 3:37 | Crear | Villager (Male) |
| 3:46 | Crear | Spearman |
| 3:51 | Construir | Farm |
| 3:53 | Construir | Farm |
| 4:24 | Investigar | Forging |
| 5:33 | Crear | Villager (Male) |
| 5:33 | Crear | Villager (Male) |
| 6:02 | Investigar | Castle Age |
| 6:10 | Construir | Stable |
| 6:26 | Construir | Stable |
| 6:34 | Crear | Villager (Male) |
| 7:29 | Investigar | Horse Collar |
| 7:45 | Construir | House |
| 7:47 | Construir | House |
| 7:48 | Construir | House |
| 8:02 | Investigar | Scale Barding Armor |
| 8:42 | Edad | Edad de los Castillos |
| 8:47 | Investigar | Cavalier (upgrade) |
| 8:48 | Crear | Knight |
| 8:48 | Crear | Knight |
| 8:48 | Crear | Knight |
| 8:48 | Crear | Knight |
| 8:49 | Crear | Knight |
| 8:49 | Crear | Knight |
| 8:49 | Crear | Knight |
| 8:52 | Crear | Villager (Male) |
| 9:08 | Construir | Town Center |
| 9:12 | Construir | Farm |
| 9:15 | Construir | House |
| 9:27 | Crear | Knight |
| 9:27 | Crear | Knight |
| 9:29 | Investigar | Husbandry |
| 9:36 | Construir | Farm |
| 9:44 | Crear | Villager (Male) |
| 9:46 | Investigar | Wheelbarrow |
| 9:47 | Crear | Knight |
| 10:13 | Crear | Villager (Male) |
| 10:27 | Crear | Villager (Male) |
| 10:27 | Crear | Villager (Male) |
| 10:35 | Crear | Knight |
| 10:35 | Crear | Knight |
| 10:37 | Construir | Farm |
| 11:24 | Crear | Villager (Male) |
| 11:25 | Crear | Villager (Male) |
| 11:27 | Investigar | Iron Casting |
| 11:32 | Crear | Villager (Male) |
| 11:34 | Crear | Villager (Male) |
| 11:48 | Construir | Farm |
| 11:56 | Crear | Villager (Male) |
| 12:09 | Construir | Lumber Camp |
| 12:12 | Crear | Villager (Male) |
| 12:12 | Crear | Villager (Male) |
| 12:22 | Crear | Knight |
| 12:22 | Crear | Knight |
| 12:40 | Crear | Villager (Male) |
| 12:41 | Crear | Villager (Male) |
| 12:52 | Crear | Villager (Male) |
| 12:52 | Crear | Villager (Male) |
| 13:18 | Crear | Knight |
| 13:19 | Crear | Knight |
| 13:34 | Construir | Castle |
| 13:38 | Crear | Knight |
| 13:40 | Crear | Villager (Male) |
| 13:43 | Crear | Villager (Male) |
| 13:44 | Crear | Villager (Male) |
| 13:45 | Investigar | Gold Mining |
| 14:03 | Crear | Villager (Male) |
| 14:03 | Crear | Villager (Male) |
| 14:05 | Crear | Knight |
| 14:05 | Crear | Knight |
| 14:24 | Crear | Villager (Male) |
| 14:24 | Crear | Villager (Male) |
| 14:30 | Construir | Farm |
| 14:36 | Construir | Farm |
| 14:41 | Crear | Knight |
| 14:52 | Crear | Villager (Male) |
| 14:52 | Crear | Villager (Male) |
| 15:03 | Crear | Villager (Male) |
| 15:04 | Investigar | Gold Shaft Mining |
| 15:10 | Construir | Mining Camp |
| 15:17 | Investigar | Fletching |
| 15:31 | Crear | Knight |
| 16:02 | Crear | Knight |
| 16:03 | Crear | Knight |
| 16:05 | Crear | Villager (Male) |
| 16:06 | Crear | Villager (Male) |
| 16:23 | Construir | Archery Range |
| 16:48 | Construir | Market |
| 17:07 | Crear | Archer |
| 17:07 | Crear | Archer |
| 17:07 | Crear | Archer |
| 17:14 | Investigar | Bodkin Arrow |
| 17:15 | Investigar | Chain Barding Armor |
| 17:21 | Crear | Knight |
| 17:21 | Crear | Knight |
| 17:32 | Construir | Stable |
| 17:34 | Construir | Stable |
| 17:35 | Construir | Stable |
| 17:46 | Crear | Villager (Male) |
| 17:49 | Construir | Farm |
| 17:51 | Construir | Farm |
| 18:08 | Crear | Villager (Male) |
| 18:38 | Investigar | Imperial Age |
| 18:38 | Crear | Villager (Male) |
| 18:43 | Crear | Knight |
| 18:47 | Construir | Farm |
| 19:15 | Crear | Villager (Male) |
| 19:15 | Crear | Villager (Male) |
| 19:19 | Crear | Knight |
| 19:19 | Crear | Knight |
| 19:19 | Crear | Knight |
| 19:39 | Crear | Knight |
| 19:41 | Crear | Villager (Male) |
| 19:41 | Crear | Villager (Male) |
| 19:44 | Construir | Farm |
| 19:58 | Crear | Archer |
| 19:58 | Crear | Archer |
| 20:03 | Construir | House |
| 20:04 | Construir | House |
| 20:05 | Construir | House |
| 20:05 | Construir | House |
Cronología de la partida
| 0:08 | coxmaster · first_building Stable |
| 0:15 | KerMiTe La Grenouille · first_building Stable |
| 1:08 | KerMiTe La Grenouille · wall_segment Palisade Wall x5 |
| 1:48 | KerMiTe La Grenouille · first_building Dock |
| 7:09 | KerMiTe La Grenouille · first_market_buy 100 food |
| 8:42 | coxmaster · age_up castle |
| 9:50 | KerMiTe La Grenouille · age_up castle |
| 11:35 | KerMiTe La Grenouille · first_building Barracks |
| 13:34 | coxmaster · first_building Castle |
| 15:57 | KerMiTe La Grenouille · first_building Castle |
| 16:23 | coxmaster · first_building Archery Range |
| 17:40 | coxmaster · first_market_sell 100 wood |
| 18:34 | coxmaster · first_market_buy 100 food |
| 20:19 | coxmaster · first_building Siege Workshop |
| 21:39 | KerMiTe La Grenouille · age_up imperial |
| 21:48 | coxmaster · age_up imperial |
| 22:03 | KerMiTe La Grenouille · resign |
[ ANÁLISIS IA · 1 CRÉDITO ]
¿Qué pasó realmente en esta partida?
Wolo.gg analiza cada decisión: build order, eco, micro, errores típicos por bracket. Análisis personalizado por WhatsApp o Discord en 30 segundos.
Guía civ
Francos
Perfil
Jugador #3872234